 Dungeon Crawl Stone Soup version 0.30-a0-335-ge5acde7520 (webtiles) character file.

Game seed: 1744035060604468569

105 hikkokomori the Chiller (level 4, -1/33 HPs)
             Began as a Demigod Ice Elementalist on Oct 30, 2022.
             Slain by a gnoll
             ... wielding a +0 whip
              (4 damage)
             ... on level 3 of the Dungeon.
             The game lasted 00:03:53 (2192 turns).

hikkokomori the Chiller (Demigod Ice Elementalist)  Turns: 2192, Time: 00:03:53

Health: -1/33      AC:  3    Str:  9    XL:     4   Next: 29%
Magic:  2/11       EV: 12    Int: 21    God:
Gold:   116        SH:  0    Dex: 14    Spells: 1/8 levels left

rFire   . . .      SeeInvis .    h - +0 short sword
rCold   + . .      Faith    .    (no shield)
rNeg    . . .      Spirit   .    a - +0 robe
rPois   .          Reflect  .    (no helmet)
rElec   .          Harm     .    s - +0 cloak
rCorr   .          Rampage  .    (no gloves)
Will    .....                    (no boots)
Stlth   ++........               (no amulet)
HPRegen 0.25/turn                q - ring of protection from cold
MPRegen 0.12/turn                (no ring)

@: very slightly contaminated
A: high MP 1, forlorn, divine attributes
a: no special abilities


You were on level 3 of the Dungeon.
You visited 1 branch of the dungeon, and saw 3 of its levels.

You collected 116 gold pieces.

Inventory:

Hand Weapons
 h - a +0 short sword (weapon)
Missiles
 c - 5 javelins
Armour
 a - a +0 robe (worn)
 s - a +0 cloak (worn)
Magical Staves
 d - a staff of air
Jewellery
 q - a ring of protection from cold (left hand)
Scrolls
 e - 5 scrolls of identify {unknown}
 f - a scroll of noise {unknown}
 j - a scroll of blinking {unknown}
 k - a scroll of summoning {unknown}
 m - 2 scrolls of teleportation {unknown}
 o - a scroll of fog {unknown}
Potions
 b - a potion of magic
 g - 4 potions of curing {unknown}
 i - 2 potions of lignification {unknown}
 l - 2 potions of brilliance {unknown}
 n - a potion of mutation {unknown}
 p - a potion of berserk rage {unknown}
 r - a potion of haste {unknown}


   Skills:
 - Level 1.7 Dodging
 - Level 1.7 Stealth
 + Level 2.8 Spellcasting
 * Level 1.4 Summonings
 * Level 4.5 Ice Magic


You had one spell level left.
You knew the following spells:

 Your Spells              Type           Power      Damage    Failure   Level
a - Freeze                Ice            88%        1d9       1%          1
b - Frozen Ramparts       Ice            44%        1d7       6%          3
c - Summon Guardian Gole  Hex/Summ       5%         N/A       30%         3

Your spell library contained the following spells:

 Spells                   Type           Power      Damage    Failure   Level
 Summon Small Mammal      Summ           32%        N/A       8%          1
 Ozocubu's Armour         Ice            22%        N/A       6%          3
 Call Canine Familiar     Summ           8%         N/A       22%         3
 Summon Ice Beast         Ice/Summ       15%        N/A       36%         4


Dungeon Overview and Level Annotations

Branches:
Dungeon (3/15)


Innate Abilities, Weirdness & Mutations

You have an increased reservoir of magic. (+10% MP)
You shall have no god before yourself.
Your divine heritage dramatically boosts your attributes as you level up.


Message History

Unknown command.
Casting: Frozen Ramparts (dangerous; 6% risk of failure)
Confirm with . or Enter, or press ? or * to list all spells.
Casting: Frozen Ramparts (dangerous; 6% risk of failure)
Press: ? - help, Dir - look around, f - activate The walls around you are covered in ice.
You feel sick.
The wall freezes the gnoll.
Unknown command.
You barely miss the gnoll.
The gnoll is lightly wounded.
You feel sick.
The wall freezes the goblin.
You kill the goblin!
The wall freezes the gnoll.
The wall freezes the gnoll!
The gnoll barely misses you.
Unknown command.
You hit the gnoll.
You kill the gnoll!
You feel sick.
You are no longer poisoned.
The wall freezes the gnoll.
Unknown command.
You hit the gnoll but do no damage.
The gnoll is heavily wounded.
The wall freezes the gnoll.
The gnoll hits you with a +0 whip!
* * * LOW HITPOINT WARNING * * *
Unknown command.
You barely miss the gnoll.
The gnoll is heavily wounded.
The wall freezes the gnoll.
The gnoll misses you.
Unknown command.
You closely miss the gnoll.
The gnoll is almost dead.
The wall freezes the gnoll but does no damage.
The gnoll hits you with a +0 whip!
* * * LOW HITPOINT WARNING * * *
Unknown command.
You hit the gnoll.
The gnoll is almost dead.
The frozen ramparts melt away.
The gnoll hits you with a +0 whip.
You die...

.... ........ #...
.............########.##
......................##
....g.......##.....#####
......#..##.######...###
......).................
#†#....#######....
#g#....#######....
###@#...............
#........#######....
#........# #....
#........# #....
#........# #####
#........# #.)......#
#....##### #....#


You could see a gnoll.

Vanquished Creatures
  A gnoll (D:3)
  3 adders
  A worm (D:2)
  A dart slug (D:2)
  2 ball pythons
  3 bats
  3 endoplasms
  2 giant cockroaches
  2 hobgoblins (D:2)
  2 jackals (D:1)
  5 kobolds
  3 quokkas (D:2)
  A frilled lizard (D:1)
  4 goblins
  2 rats (D:2)
35 creatures vanquished.

Vanquished Creatures (others)
  Crazy Yiuf (D:2)
1 creature vanquished.

Grand Total: 36 creatures vanquished

Notes
Turn   | Place    | Note
-------+----------+-------------------------------------------
     0 | D:1      | hikkokomori the Demigod Ice Elementalist began the quest
                  | for the Orb.
     0 | D:1      | Reached XP level 1. HP: 14/14 MP: 5/5
   522 | D:1      | Reached XP level 2. HP: 20/20 MP: 4/7
   754 | D:2      | Reached skill level 4 in Ice Magic
  1091 | D:2      | Reached XP level 3. HP: 13/26 MP: 6/9
  1101 | D:2      | Learned a level 3 spell: Frozen Ramparts
  1105 | D:2      | Learned a level 3 spell: Summon Guardian Golem
  1435 | D:2      | Found a runed translucent door.
  1436 | D:2      | Noticed Crazy Yiuf
  1780 | D:2      | Killed Crazy Yiuf
  1781 | D:2      | Reached skill level 1 in Summonings
  2105 | D:3      | Reached XP level 4. HP: 21/33 MP: 8/10
  2192 | D:3      | Slain by a gnoll

Illustrated notes

Levels and vault maps discovered:
D:1:      spicycebolla_arrival_xxxplode, layout_rooms, serial_bayou_ford_a
D:2:      layout_loops_ring, uniq_crazy_yiuf_cottage
D:3:      layout_rooms, nicolae_overflow_hidden_temple, hangedman_decor_growths

Skill      XL: |  1  2  3 |
---------------+----------+-----
Spellcasting   | 2 |  2.8
Ice Magic      | 4 |  4.5
Summonings     | 1 |  1.4
Dodging        | |  1.7
Stealth        | |  1.7

Action                   |  1- 3 |  4- 6 || total
-------------------------+-------+-------++-------
Melee: Unarmed           |    14 |       ||    14
       Short sword       |    21 |     6 ||    27
       Punch             |     2 |       ||     2
 Cast: Freeze            |    45 |     2 ||    47
       Summon Guardian G |     1 |       ||     1
       Frozen Ramparts   |       |     1 ||     1
Armor: Robe              |    18 |       ||    18
Dodge: Dodged            |    63 |     6 ||    69

Table legend: (Time is in decaauts)
 A = Elapsed time spent in this place.
 B = Non-inter-level travel time spent in this place.
 C = Inter-level travel time spent in this place.
 D = Time resting spent in this place.
 E = Time spent auto-exploring this place.
 F = Levels seen in this place.
 G = Mean time per level.
                   A        B        C        D        E       F      G
               +--------+--------+--------+--------+--------+-----+--------+
         Total |   2205 |   2088 |    117 |    127 |   1655 |   3 |  735.0 |
       Dungeon |   2205 |   2088 |    117 |    127 |   1655 |   3 |  735.0 |
               +--------+--------+--------+--------+--------+-----+--------+

Top non-repeatable levels by time:
     D:2: 1269 daAuts
     D:1: 753 daAuts
     D:3: 182 daAuts
